 Dungeon Crawl Stone Soup version 0.22-a0-443-g17c3723 (webtiles) character file.

30 Ijustatesigmund the Skirmisher (level 3, -3/41 HPs)
             Began as an Ogre Hunter on May 31, 2018.
             Slain by a hobgoblin
             ... wielding a +0 club
              (4 damage)
             ... on level 2 of the Dungeon.
             The game lasted 00:01:52 (1204 turns).

Ijustatesigmund the Skirmisher (Ogre Hunter)        Turns: 1204, Time: 00:01:52

Health: -3/41      AC:  3    Str: 16    XL:     3   Next: 20%
Magic:  3/3        EV: 10    Int: 12    God:
Gold:   33         SH:  0    Dex: 10    Spells: 2/2 levels left

rFire    + . .     SeeInvis .   a - +0 short sword
rCold    . . .     Gourm    .   (no shield)
rNeg     . . .     Faith    .   b - +0 robe
rPois    .         Spirit   .   (helmet restricted)
rElec    .         Reflect  .   (no cloak)
rCorr    .         Harm     .   (gloves unavailable)
MR       .....                  (boots unavailable)
Stlth    +.........             (no amulet)
HPRegen  0.13/turn              e - ring of protection from fire
MPRegen  0.08/turn              (no ring)

@: no status effects
A: large, unfitting armour, tough skin 1
a: no special abilities


You were on level 2 of the Dungeon.
You were not hungry.

You visited 1 branch of the dungeon, and saw 2 of its levels.

You collected 33 gold pieces.

Inventory:

Hand Weapons
 a - a +0 short sword (weapon)
Missiles
 d - a throwing net (quivered)
Armour
 b - a +0 robe (worn)
Jewellery
 e - a ring of protection from fire (left hand)
Scrolls
 g - 2 scrolls of teleportation
 h - 2 scrolls of identify
Potions
 i - 3 potions of invisibility
 j - a potion of flight
Comestibles
 f - 2 rations
 k - a chunk of flesh


   Skills:
 + Level 4.8 Fighting
 - Level 4.0 Throwing
 - Level 1.7 Dodging
 - Level 0.6 Stealth


You had 2 spell levels left.
You didn't know any spells.
Your spell library was empty.

Dungeon Overview and Level Annotations

Branches:
Dungeon (2/15)

Altars:
Fedhas


Innate Abilities, Weirdness & Mutations

You are too large for most types of armour.
You have tough skin. (AC +1)


Message History

Throwing (i - inventory. (/) - cycle)
c - 2 large rocks (quivered)
Press: ? - help, Shift-Dir - straight line, f - hobgoblin
Aim: a hobgoblin, wielding a club You throw a large rock.
The large rock barely misses the hobgoblin.
Throwing (i - inventory. (/) - cycle)
c - a large rock (quivered)
Press: ? - help, Shift-Dir - straight line, f/p - hobgoblin
Aim: a hobgoblin, wielding a club You throw a large rock.
The large rock closely misses the hobgoblin.
A rat comes into view.
Throwing (i - inventory)
d - 2 throwing nets (quivered)
Press: ? - help, Shift-Dir - straight line, f/p - hobgoblin
Aim: a hobgoblin, wielding a club You throw a throwing net.
The throwing net barely misses the hobgoblin.
The hobgoblin hits you with a club.
* * * LOW HITPOINT WARNING * * *
You closely miss the hobgoblin. The hobgoblin hits you with a club.
You die...

#.#..### ###+#....#
####...†..#........
#.........#########
#.........+..# #
#.........##.# ..
#.........##.#### ...
#...............# ....
#.......####..@.###.....
###...>.# #...g..†.....
#.....# #.....†......
####### #............
###.......(..
#......r.#+ #......(.#
##########


You could see a hobgoblin and a rat.

Vanquished Creatures
  An adder (D:2)
  A worm (D:2)
  2 ball pythons
  A giant cockroach (D:1)
  A goblin (D:1)
  2 hobgoblins (D:1)
  3 kobolds
  A quokka (D:2)
  A bat (D:2)
  A frilled lizard (D:1)
  4 rats
18 creatures vanquished.

Notes
Turn   | Place    | Note
-------+----------+-------------------------------------------
     0 | D:1      | Ijustatesigmund the Ogre Hunter began the quest for the Orb.
     0 | D:1      | Reached XP level 1. HP: 22/22 MP: 1/1
   463 | D:1      | Reached XP level 2. HP: 31/31 MP: 2/2
   984 | D:2      | Found a blossoming altar of Fedhas.
  1186 | D:2      | Reached XP level 3. HP: 29/40 MP: 3/3
  1203 | D:2      | HP: 1/41 [hobgoblin/club (6)]
  1204 | D:2      | Slain by a hobgoblin

Vault maps used:
D:1:      lightli_arrival_quake
D:2:      overflow_temple_1_default, nicolae_ru_awakened_eye, first_ration,
          uniq_robin

Skill      XL: |  1  2 |
---------------+-------+-----
Fighting       | 3 4 |  4.8
Throwing       | |  4.0
Dodging        | |  1.7
Stealth        | |  0.6

Action                   || total
-------------------------++-------
Melee: Short sword       ||    71
Throw: Large rock        ||     5
       Throwing net      ||     1
  Use: Scroll            ||     5
  Eat: Chunk             ||     1
Armor: Robe              ||    16
Dodge: Dodged            ||    37

Table legend:
 A = Spawn XP
 B = Non-spawn XP
 C = Spawn XP percentage of total XP
 D = Spawn monster count
 E = Non-spawn monster count
 F = Spawn count percentage of total count
 G = Total turns spent on level
                    A         B        C        D         E        F      G
               +---------+---------+-------+---------+---------+-------+---------
         Total |       0 |      44 |   0.0 |       0 |      18 |   0.0 |  1204
               +---------+---------+-------+---------+---------+-------+---------
           D:1 |       0 |      17 |   0.0 |       0 |      10 |   0.0 |   932
           D:2 |       0 |      27 |   0.0 |       0 |       8 |   0.0 |   272
               +---------+---------+-------+---------+---------+-------+---------
